 Dungeon Crawl Stone Soup version 0.29-a0-384-g6960b1960d (webtiles) character file.

Game seed: 4204500076087277559

667639 holysushi the Acrobat (level 27, -3/287 HPs)
             Began as an Octopode Transmuter on May 6, 2022.
             Was an Initiate of Gozag.
             Slain by Cerebov
             ... wielding the +6 sword of Cerebov {flame}
              (5 damage)
             ... in Pandemonium on May 7, 2022.
             The game lasted 05:23:34 (77160 turns).

holysushi the Acrobat (Octopode Transmuter)        Turns: 77160, Time: 05:23:35

Health: -3/287     AC: 31    Str: 15    XL:     27
Magic:  14/47      EV: 52    Int: 16    God:    Gozag
Gold:   7598       SH: 38    Dex: 38    Spells: 25/48 levels left

rFire   + . .      SeeInvis +   R - +9 sword of Zonguldrok {reap}
rCold   + + .      Faith    .   d - +8 tower shield {AC+3}
rNeg    + + +      Spirit   .   h - +2 hat
rPois   ∞          Reflect  .   v - amulet of regeneration
rElec   +          Harm     .   i - +6 ring of dexterity
rCorr   +          Rampage  .   u - ring "Saupp" {rF+ MP+9}
Will    ++++.                   k - ring of Osadad {rC+ Will+ Dex+2 SInv}
Stlth   ++++++++..              e - ring of Bapolow {rElec rF+ rN+ EV+4}
HPRegen 1.37/turn               (no ring)
MPRegen 0.30/turn               M - ring "Zigacak" {Str+4 Dex+6}
                                Q - ring "Voishreu" {Will+ rCorr}
                                B - ring of Suveidie {Fly rPois rC+ rN+}

@: about to teleport, statue-form, fire vulnerable, gold aura, flying, very
slightly contaminated, hasted, studying 2 skills
A: slow and powerful, torment resistance 1, boosted hp, almost no armour,
amphibious, 8 rings, camouflage 1, (gelatinous body 1), (nimble swimmer 1),
tentacles, robust 1, (shaggy fur 1)
}: 6/15 runes: barnacled, slimy, silver, abyssal, magical, gossamer
a: End Transformation, Renounce Religion, Potion Petition, Call Merchant, Bribe
Branch


You were in Pandemonium.
You worshipped Gozag.
Gozag was greatly pleased with you.
You were a living statue of rough stone.
You visited 10 branches of the dungeon, and saw 49 of its levels.
You visited Pandemonium 1 time, and saw 12 of its levels.
You visited the Abyss 1 time.
You also visited: Bailey, Gauntlet, Volcano and Desolation.

You collected 23375 gold pieces.
You spent 8216 gold pieces at shops.
You paid 7561 gold pieces to Gozag.

Inventory:

Hand Weapons
 n - the +12 scimitar of Vaef Ani {drain, *Noise rPois Will+}
   (You found it on level 2 of the Dungeon)

   A truly terrible weapon, it drains the life of any living foe it strikes.
   rPois:     It protects you from poison.
   *Noise:    It may make noises in combat.
   Will:      It increases your willpower.
 P - a +8 double sword of flaming
 R - the +9 sword of Zonguldrok (weapon) {reap}
   (You found it in a Gauntlet)

   Any living foe damaged by it may be reanimated upon death as a zombie
   friendly to the wielder, with an increasing chance as more damage is dealt.
Armour
 d - a +8 tower shield of protection (worn)
 h - a +2 hat (worn)
Jewellery
 e - the ring of Bapolow (on tentacle) {rElec rF+ rN+ EV+4}
   (You found it on level 5 of the Pits of Slime)

   [ring of evasion]

   EV:        It affects your evasion (+4).
   rF:        It protects you from fire.
   rElec:     It insulates you from electricity.
   rN:        It protects you from negative energy.
 i - a +6 ring of dexterity (left tentacle)
 k - the ring of Osadad (on tentacle) {rC+ Will+ Dex+2 SInv}
   (You found it on level 3 of the Elven Halls)

   [ring of see invisible]

   Dex:       It affects your dexterity (+2).
   rC:        It protects you from cold.
   SInv:      It lets you see invisible.
   Will:      It increases your willpower.
 r - the ring of Reimbursement {Drain rC++ MP+9 SInv Stlth+}
   (You found it in the Desolation of Salt)

   [ring of magical power]

   rC:        It greatly protects you from cold.
   MP:        It affects your magic capacity (+9).
   SInv:      It lets you see invisible.
   Drain:     It drains your maximum health when unequipped.
   Stlth:     It makes you more stealthy.
 u - the ring "Saupp" (right tentacle) {rF+ MP+9}
   (You took it off a deep elf elementalist on level 3 of the Elven Halls)

   [ring of protection from fire]

   rF:        It protects you from fire.
   MP:        It affects your magic capacity (+9).
 v - an amulet of regeneration (around mantle)
 z - the ring of Diurph {Ice +Blink rElec Dex+7}
   (You bought it in a shop on level 3 of the Spider Nest)

   [ring of ice]

   It enhances your ice magic.
   Dex:       It affects your dexterity (+7).
   rF:        It makes you vulnerable to fire.
   rC:        It protects you from cold.
   rElec:     It insulates you from electricity.
   +Blink:    It lets you blink.
 B - the ring of Suveidie (on tentacle) {Fly rPois rC+ rN+}
   (You bought it in a shop on level 3 of the Spider Nest)

   [ring of flight]

   rC:        It protects you from cold.
   rPois:     It protects you from poison.
   rN:        It protects you from negative energy.
   Fly:       It grants you flight.
 D - the amulet of Incredulity {Reflect +Blink rC++ MP+9 Dex-3 SH+5}
   (You found it in Pandemonium)

   [amulet of reflection]

   It reflects blocked missile attacks.
   Dex:       It affects your dexterity (-3).
   rC:        It greatly protects you from cold.
   MP:        It affects your magic capacity (+9).
   +Blink:    It lets you blink.
   SH:        It affects your SH (+5).
 H - the ring of Gioseot {Drain rCorr Int+5 SInv}
   (You found it in the Desolation of Salt)

   [ring of see invisible]

   Int:       It affects your intelligence (+5).
   SInv:      It lets you see invisible.
   rCorr:     It protects you from acid and corrosion.
   Drain:     It drains your maximum health when unequipped.
 M - the ring "Zigacak" (on tentacle) {Str+4 Dex+6}
   (You bought it in a shop on level 3 of the Spider Nest)

   [ring of dexterity]

   Str:       It affects your strength (+4).
   Dex:       It affects your dexterity (+6).
 Q - the ring "Voishreu" (on tentacle) {Will+ rCorr}
   (You bought it in a shop on level 3 of the Elven Halls)

   [ring of resist corrosion]

   rCorr:     It protects you from acid and corrosion.
   Will:      It increases your willpower.
Wands
 o - a wand of paralysis (8)
 x - a wand of acid (16)
 y - a wand of digging (28)
 G - a wand of flame (52)
 J - a wand of charming (1)
 W - a wand of mindburst (40)
Scrolls
 p - 4 scrolls of teleportation
 t - 6 scrolls of magic mapping
 A - 7 scrolls of vulnerability
 C - 5 scrolls of fear
 K - 16 scrolls of amnesia
 O - 7 scrolls of silence
 S - 9 scrolls of blinking
 T - 10 scrolls of fog
 Y - 2 scrolls of summoning
Potions
 a - 11 potions of lignification
 b - 3 potions of invisibility
 c - 12 potions of curing
 f - 6 potions of berserk rage
 g - 3 potions of haste
 j - 8 potions of mutation
 m - 2 potions of magic
 q - 12 potions of might
 s - 5 potions of resistance
 w - 10 potions of flight
 E - 8 potions of cancellation
 L - 6 potions of ambrosia
 N - 4 potions of brilliance
 V - a potion of heal wounds
Miscellaneous
 l - a piece from Xom's chessboard (15/15)
 F - a phantom mirror
 I - a phial of floods
 U - a box of beasts
 Z - a condenser vane


   Skills:
 - Level 20.0 Fighting
 - Level 16.8 Long Blades
 - Level 25.0 Dodging
 - Level 14.7 Stealth
 - Level 23.2 Shields
 - Level 3.5 Unarmed Combat
 + Level 11.0 Spellcasting
 - Level 5.4 Hexes
 + Level 6.6 Translocations
 - Level 13.9 Transmutations
 - Level 13.8 Earth Magic
 - Level 15.5 Evocations


You had 25 spell levels left.
You knew the following spells:

 Your Spells              Type           Power      Damage    Failure   Level
a - Apportation           Tloc           60%        N/A       1%          1
b - Confusing Touch       Hex            26%        N/A       3%          3
c - Blink                 Tloc           60%        N/A       1%          2
d - Manifold Assault      Tloc           30%        N/A       22%         5
e - Statue Form           Tmut/Erth      34%        N/A       6%          6
f - Ensorcelled Hibernat  Hex/Ice        34%        N/A       6%          2
g - Tukima's Dance        Hex            26%        N/A       3%          3
h - Slow                  Hex            100%       N/A       1%          1

Your spell library contained the following spells:

 Spells                   Type           Power      Damage    Failure   Level
 Beastly Appendage        Tmut           100%       N/A       1%          1
 Sandblast                Erth           100%       2d20      1%          1
 Sting                    Tmut/Pois      100%       1d8       1%          1
 Passwall                 Tmut/Erth      43%        N/A       1%          2
 Wereblood                Tmut           52%        N/A       1%          2
 Spider Form              Tmut/Pois      31%        N/A       1%          3
 Petrify                  Tmut/Erth      52%        N/A       1%          4
 Blade Hands              Tmut           26%        N/A       1%          5
 Lee's Rapid Deconstruct  Erth           26%        3d15*     1%          5
 Gell's Gravitas          Tloc           30%        N/A       2%          3
 Lesser Beckoning         Tloc           30%        N/A       2%          3
 Stone Arrow              Conj/Erth      60%        3d10      2%          3
 Teleport Other           Tloc           30%        N/A       2%          3
 Ignite Poison            Fire/Tmut/Pois 23%        N/A       5%          3
 Yara's Violent Unravell  Hex/Tmut       20%        3d9       6%          5
 Ice Form                 Ice/Tmut       31%        N/A       7%          4
 Passage of Golubria      Tloc           30%        N/A       8%          4
 Animate Skeleton         Necr           16%        N/A       12%         1
 Magic Dart               Conj           32%        1d4       12%         1
 Pain                     Necr           32%        1d5       12%         1
 Shock                    Conj/Air       32%        1d5       12%         1
 Inner Flame              Hex/Fire       17%        N/A       12%         3
 Cause Fear               Hex            13%        N/A       12%         4
 Call Imp                 Summ           8%         N/A       19%         2
 Corpse Rot               Necr/Air       16%        N/A       19%         2
 Poisonous Vapours        Pois/Air       16%        N/A       19%         2
 Scorch                   Fire           16%        2d5       19%         2
 Searing Ray              Conj           16%        2d5       19%         2
 Static Discharge         Conj/Air       8%         N/A       19%         2
 Sublimation of Blood     Necr           8%         N/A       19%         2
 Alistair's Intoxication  Tmut/Pois      20%        N/A       19%         5
 Iskenderun's Mystic Bla  Conj/Tloc      19%        2d6       30%         4
 Conjure Flame            Conj/Fire      8%         6-21      34%         3
 Mephitic Cloud           Conj/Pois/Air  8%         N/A       34%         3
 Ozocubu's Armour         Ice            8%         N/A       34%         3
 Swiftness                Air            8%         N/A       34%         3
 Vampiric Draining        Necr           8%         2d6       34%         3
 Anguish                  Hex/Necr       8%         N/A       36%         4
 Fulminant Prism          Conj/Hex       8%         3d7       36%         4
 Metabolic Englaciation   Hex/Ice        8%         N/A       71%         5
 Summon Mana Viper        Hex/Summ       17%        N/A       71%         5
 Iron Shot                Conj/Erth      15%        9d4       73%         6
 Airstrike                Air            4%         N/A       75%         4
 Dispel Undead            Necr           8%         3d8       75%         4
 Flame Wave               Conj/Fire      8%         2d5       75%         4
 Hailstorm                Conj/Ice       8%         3d4       75%         4
 Olgreb's Toxic Radiance  Pois           8%         N/A       75%         4
 Sticky Flame             Conj/Fire      8%         2d3       75%         4
 Summon Ice Beast         Ice/Summ       8%         N/A       75%         4
 Dispersal                Tloc           15%        N/A       77%         6
 Freezing Cloud           Conj/Ice/Air   4%         6-21      97%         5
 Iskenderun's Battlesphe  Conj           8%         2d6       97%         5
 Storm Form               Tmut/Air       15%        N/A       99%         7
 Conjure Ball Lightning   Conj/Air       4%         3x3d6     100%        6
 Simulacrum               Ice/Necr       4%         N/A       100%        6
 Summon Cactus Giant      Summ           4%         N/A       100%        6
 Enfeeble                 Hex            13%        N/A       100%        7
 Monstrous Menagerie      Summ           4%         N/A       100%        7
 Ozocubu's Refrigeration  Ice            4%         4d5       100%        7
 Spellforged Servitor     Conj/Summ      4%         N/A       100%        7
 Summon Hydra             Summ           4%         N/A       100%        7
 Borgnjor's Revivificati  Necr           4%         N/A       100%        8
 Discord                  Hex            13%        N/A       100%        8
 Disjunction              Tloc           15%        N/A       100%        8
 Lehudib's Crystal Spear  Conj/Erth      15%        10d5      100%        8
 Necromutation            Tmut/Necr      15%        N/A       100%        8
 Chain Lightning          Conj/Air       4%         3d5       100%        9
 Death's Door             Necr           4%         N/A       100%        9
 Fire Storm               Conj/Fire      4%         8d1       100%        9
 Polar Vortex             Ice            4%         N/A       100%        9
 Shatter                  Erth           26%        3d22*     100%        9
 Animate Armour           Summ/Erth      Unusable   N/A       N/A         4

Dungeon Overview and Level Annotations

Branches:
Dungeon (15/15)            Temple (1/1) D:5            Lair (6/6) D:10
 Shoals (4/4) Lair:2       Spider (4/4) Lair:3        Slime (5/5) Lair:5
    Orc (2/2) D:12            Elf (3/3) Orc:2        Vaults (5/5) D:13
  Crypt (0/3) Vaults:3     Depths (4/4) D:15            Zot (0/5) Depths:4
 Bailey (visited)         Volcano (visited)         Desolation (visited)
Gauntlet (visited)

Altars:
Ashenzari
Cheibriados
Dithmenos
Elyvilon
Fedhas
Gozag
Hepliaklqana
Kikubaaqudgha
Makhleb
Nemelex Xobeh
Okawaru
Ru
Sif Muna
Trog
Uskayaw
Vehumet
Wu Jian
Xom
Yredelemnul
Zin
The Shining One
Beogh
Jiyva

Shops:
D:4 *   D:10 *=:   D:13 *   Orc:2 ?::[   Elf:2 =   Elf:3 =:[   Shoals:1 [
Spider:1 !   Spider:3 =   Vaults:1 (   Depths:2 =

Portals:
Hell: Depths:1 Depths:2 Depths:4
Abyss: Depths:4
Pandemonium: Depths:2
Ziggurat: Depths:3

Annotations:
D:2 1 runed translucent door, Crazy Yiuf
D:8 exclusion: downstairs
D:9 exclusions: centaur warrior, kobold demonologist, salamander and ugly thing
D:10 exclusion: downstairs
Lair:3 exclusion: downstairs
Lair:4 2 transporters, Antichthon's ghost, journeyman DDNe
Shoals:2 exclusion: downstairs
Depths:1 2 runed translucent doors, frimble's ghost, adept GnWr
Depths:3 exclusion: 2 doors
Pan Cerebov


Innate Abilities, Weirdness & Mutations

You are a living statue of rough stone.
Your actions are slow, but your melee attacks are powerful.
You are resistant to unholy torment.
Your maximum health is greatly increased.
You are immune to poison.
You cannot wear most types of armour.
You are amphibious.
You can wear up to eight rings at the same time.
Your skin changes colour to match your surroundings (Stealth+).
((Your rubbery body absorbs attacks. (AC +1, EV +1)))
((You are camouflaged when in or above water. (Stealth+)))
You have tentacles for arms and can constrict up to eight enemies at once.
You are robust. (+10% HP)
((You are covered in fur. (AC +1)))


Message History

You block the hellion's attack. x2
Unknown command.
You slice the hellion!! You grab the hellion. You squeeze the hellion!
You kill the hellion!
The hellion disappears in a puff of smoke!
The ynoxinul gestures.
Cerebov gestures.
Cerebov seems to speed up.
Unknown command.
You slice the hellion!! You grab the hellion. You squeeze the hellion.
The hellion is severely wounded.
You constrict the hellion. The hellion gestures at you.
The sphere of damnation explodes!
The damnation engulfs you!!
The damnation engulfs Cerebov.
Cerebov completely resists.
The damnation engulfs the hellion.
The hellion completely resists.
The damnation engulfs the ynoxinul!
The hellion gestures at you.
The sphere of damnation explodes!
The damnation engulfs you!!
The damnation engulfs Cerebov.
Cerebov completely resists.
The damnation engulfs the hellion.
The hellion completely resists.
The damnation engulfs the ynoxinul!!
The ynoxinul dies!
Cerebov hits you with the +6 sword of Cerebov {flame}!!
* * * LOW HITPOINT WARNING * * *
Cerebov burns you.
* * * LOW HITPOINT WARNING * * *
You slice the hellion!!
You kill the hellion!
The hellion disappears in a puff of smoke!
You block Cerebov's attack. The hellion gestures at you.
The sphere of damnation explodes!
The damnation engulfs you!!
* * * LOW HITPOINT WARNING * * *
The damnation engulfs Cerebov.
Cerebov completely resists.
Cerebov attacks as you move away!
Cerebov hits you with the +6 sword of Cerebov {flame}!!!
* * * LOW HITPOINT WARNING * * *
Cerebov burns you.
You die...
Your body crumbles into a pile of gold.

..#####.....#$$$######... ##..
..##........#$ $####.... ##.
..##.......$#$$$'......#### ##
..##........## ##....###≈§# #
..##.........# #......≈≈≈§#
........)....###....≈≈.....#
..$.........))'....≈≈≈#...#.#
....$........$'.55.≈≈§#...#.φ#
...)..........'§8&2≈≈≈#...#$##
..........)..###.§3.≈≈§.$..
......#......# #....5.§§≈≈#
..).........## ##....###≈≈ #
.)..........# '...... # ##
............# $ ####.... ##.
............# ######.. ##..
......$.....#####..##### ##...
.....##..............####$$$#....


You could see Cerebov (fast), a hellion (summoned), a ynoxinul and 3 ufetubi.

Vanquished Creatures
  the Royal Jelly (Slime:5)
  Lom Lobon (Pan)
  2 ancient liches
  3 dread liches
  Mara (Depths:3)
  Sojobo (Vaults:4)
  Boris (Vaults:4)
  2 pandemonium lords (Pan)
  Bai Suzhen (Elf:3)
  Margery (Vaults:2)
  A caustic shrike (Depths:4)
  3 golden dragons
  3 Tzitzimimeh (Pan)
  3 Brimstone Fiends (Pan)
  A hellephant (Abyss:5)
  An Ice Fiend (Pan)
  Jorgrun (D:12)
  4 tentacled monstrosities
  A Hell Sentinel (Pan)
  Zenata (Vaults:2)
  3 deep elf blademasters
  2 titans
  A quicksilver dragon (Depths:4)
  2 walking divine tomes
  A lich (Vaults:1)
  Asterion (Depths:2)
  2 deep elf master archers
  Polyphemus (Shoals:3)
  2 sphinxes
  22 acid blobs
  6 storm dragons
  2 tentacled starspawn
  3 Executioners (Pan)
  10 tengu reavers
  8 azure jellies
  4 draconian monks (Depths:4)
  6 rockslimes
  An azure jelly (shapeshifter) (Depths:3)
  5 shadow dragons
  A draconian knight (Depths:4)
  3 demonspawn warmongers (Pan)
  8 fire giants
  2 imperial myrmidons (Desolation)
  9 deep elf sorcerers
  An iron dragon (Vaults:5)
  4 emperor scorpions
  15 balrugs (Pan)
  7 frost giants
  2 cacodemons (Pan)
  The ghost of Urgle the Blocker, a journeyman GnFi of Cheibriados (D:13)
  A fire giant (shapeshifter) (Gauntlet)
  3 orc warlords
  4 deep elf elementalists (Elf:3)
  14 vault wardens
  Louise (Shoals:1)
  11 ironbound preservers
  3 ghost moths
  A spriggan defender (Depths:4)
  A demonspawn blood saint (Pan)
  2 broodmothers
  4 demonspawn corrupters (Pan)
  4 draconian annihilators
  11 quicksilver oozes
  3 reapers (Pan)
  19 stone giants
  22 very ugly things
  3 war gargoyles
  Nessos (Lair:6)
  2 demonspawn black suns (Pan)
  7 black draconians
  3 deep elf annihilators (Elf:3)
  5 deep elf demonologists
  8 white draconians
  6 red draconians (Depths:4)
  8 ironbound thunderhulks
  Azrael (D:12)
  5 purple draconians (Depths:4)
  A lorocyproca (Pan)
  3 halazid warlocks (Desolation)
  6 green draconians (Depths:4)
  20 dire elephants
  A minotaur (Gauntlet)
  8 entropy weavers
  15 spark wasps
  6 merfolk javelineers
  Snorg (Lair:6)
  3 merfolk impalers
  9 fire dragons
  10 ettins
  8 blizzard demons
  An eidolon (Abyss:1)
  A crystal guardian (Desolation)
  9 deep elf death magi
  8 ragged hierophants (Desolation)
  7 green deaths (Pan)
  7 deep elf high priests
  4 great orbs of eyes
  4 rakshasas
  10 yaktaur captains
  8 servants of whispers (Desolation)
  3 ice dragons
  40 vault guards
  3 peacekeepers
  12 hydras
  5 catoblepae
  10 centaur warriors
  2 alligator snapping turtles
  7 boulder beetles
  2 merfolk avatars
  12 ironbound frosthearts
  2 anacondas (shapeshifter)
  2 spriggan air magi
  4 radroaches
  3 two-headed ogres
  A death knight (D:14)
  An ogre mage (Vaults:5)
  3 merfolk aquamancers
  15 death yaks
  5 deep troll shamans
  3 tengu warriors
  2 deep troll earth magi
  8 satyrs
  6 hell hogs
  4 spriggan berserkers
  A thrashing horror (Abyss:2)
  12 hell knights
  A vampire mage (Vaults:3)
  Urug (Lair:2)
  17 soul eaters
  An orc high priest (Orc:2)
  A shock serpent (shapeshifter) (Vaults:5)
  43 sun demons
  3 wretched stars
  11 sixfirhies (Pan)
  16 deep elf knights
  3 skeletal warriors (D:14)
  11 sea snakes
  A deep troll (shapeshifter) (Vaults:5)
  A sun moth (Spider:2)
  A pharaoh ant (Spider:2)
  3 shadow demons (Pan)
  4 steelbarb worms
  A glowing orange brain (shapeshifter) (Vaults:5)
  34 deep trolls
  A death drake (Depths:4)
  4 glowing orange brains
  3 flayed ghosts
  A lindwurm (shapeshifter) (Elf:3)
  3 orb spiders
  19 deep elf pyromancers
  17 orc knights
  14 wizards
  2 phantasmal warriors
  13 ironbound convokers
  13 deep elf archers
  A harpy (shapeshifter) (Abyss:4)
  An obsidian statue (Vaults:4)
  Pikel (D:5)
  31 harpies
  6 necromancers
  2 lindwurms (Vaults:3)
  27 deep elf zephyrmancers
  3 cyclopes
  6 orc sorcerers
  26 ugly things
  12 wolf spiders
  24 fauns
  12 manticores
  A salamander (shapeshifter) (Abyss:4)
  2 moths of wrath
  10 elephants (Lair:6)
  8 merfolk sirens
  2 black mambas
  2 salamanders (Volcano)
  Joseph (D:8)
  A black mamba (shapeshifter) (Elf:2)
  Maurice (D:9)
  10 water nymphs
  20 smoke demons
  20 vault sentinels
  A molten gargoyle (Desolation)
  4 gargoyles
  2 guardian serpents (Desolation)
  A kobold demonologist (D:11)
  4 efreet
  6 orange demons (Pan)
  4 rime drakes
  13 cane toads
  7 torpor snails
  10 komodo dragons
  5 freezing wraiths
  3 tengu conjurers (Vaults:1)
  2 minotaur zombies (Gauntlet)
  A rime drake (shapeshifter) (D:15)
  6 demonic crawlers
  9 hellwings (Pan)
  4 red devils (Pan)
  23 yaktaurs
  2 ice devils
  3 ancient zymes
  4 meliai
  17 merfolk
  6 hornets
  5 wind drakes
  13 trolls
  A hornet (shapeshifter) (Vaults:5)
  A queen bee (Gauntlet)
  50 saltlings (Desolation)
  A wind drake (shapeshifter) (Vaults:5)
  10 dream sheep
  14 tarantellas
  5 raiju
  6 snapping turtles
  43 blink frogs
  74 slime creatures
  23 jumping spiders
  4 air elementals
  21 culicivoras
  A shadow (D:6)
  53 yaks
  2 wraiths
  3 wyverns
  13 water elementals
  8 ynoxinuls (Pan)
  8 basilisks
  3 vampires (Vaults:3)
  17 humans
  7 golden eyes (Slime:5)
  A basilisk (shapeshifter) (Vaults:4)
  Grum (D:10)
  2 steam dragons
  5 fire elementals
  A golden eye (shapeshifter) (Vaults:5)
  A redback (shapeshifter) (Gauntlet)
  6 vampire mosquitoes
  A human (shapeshifter) (Elf:3)
  52 redbacks
  2 chaos spawn
  3 neqoxecs
  A spatial vortex (Abyss:5)
  3 acid dragons
  3 wargs
  A naga (shapeshifter) (Gauntlet)
  20 water moccasins
  3 hell hounds (D:12)
  11 large abominations
  A floating eye (Depths:2)
  2 black bears
  2 ice beasts (D:6)
  3 sky beasts
  38 orc warriors
  12 wolves
  3 boggarts (D:15)
  A wolf (shapeshifter) (Vaults:5)
  A tengu (shapeshifter) (Vaults:5)
  3 centaurs
  4 kobold brigands
  5 elf zombies (Elf:1)
  10 bullfrogs
  A gnoll sergeant (D:9)
  2 necrophages
  6 earth elementals
  A scorpion (D:4)
  2 small abominations
  6 killer bees
  2 howler monkeys
  6 electric eels
  8 crimson imps
  A lava snake (Lair:2)
  4 hounds
  2 iron imps
  36 orc priests
  Jessica (D:2)
  3 iguanas
  Natasha (thrice) (D:2)
  42 orc wizards
  4 gnolls (D:9)
  4 adders
  A shadow imp (D:8)
  3 white imps
  2 ufetubi
  4 worms
  4 dart slugs
  100 orcs
  5 ball pythons
  3 bats
  2 endoplasms
  3 giant cockroaches
  6 goblins
  8 hobgoblins
  6 jackals
  21 kobolds
  7 quokkas
  A frilled lizard (D:1)
  10 rats
  A butterfly (Lair:5)
2158 creatures vanquished.

Vanquished Creatures (collateral kills)
  Frederick (Vaults:2)
  A titan (Vaults:4)
  A deep elf master archer (Elf:3)
  2 storm dragons (Depths:3)
  A shadow dragon (Depths:2)
  A demonspawn warmonger (Pan)
  A draconian monk (Depths:4)
  A vault warden (Vaults:5)
  Aizul (Vaults:3)
  An ironbound preserver (Vaults:3)
  An ironbound thunderhulk (Vaults:2)
  3 very ugly things
  3 stone giants
  A green draconian (Depths:4)
  3 entropy weavers
  6 dire elephants
  A green death (Pan)
  A spark wasp (Depths:3)
  A merfolk impaler (Abyss:5)
  A blizzard demon (Pan)
  A fire dragon (Depths:4)
  A yaktaur captain (Vaults:5)
  A great orb of eyes (Vaults:3)
  A deep elf high priest (Elf:3)
  A rakshasa (Depths:2)
  3 hydras (Depths:3)
  2 jorogumos (Spider:1)
  A spriggan air mage (Depths:4)
  An ironbound frostheart (Vaults:1)
  A centaur warrior (D:15)
  2 two-headed ogres (D:13)
  A tengu warrior (Depths:2)
  A deep troll shaman (Depths:4)
  A hell knight (Depths:3)
  A pharaoh ant (Spider:2)
  A sixfirhy (Pan)
  An iron troll (Depths:4)
  2 orb spiders
  7 deep trolls
  2 wizards
  A steelbarb worm (Spider:3)
  A deep elf pyromancer (Elf:3)
  4 ugly things
  6 wolf spiders
  A shining eye (Slime:2)
  3 fauns
  3 vault sentinels
  2 moths of wrath (Spider:4)
  A water nymph (Shoals:1)
  A smoke demon (Pan)
  3 yaktaurs
  A tengu conjurer (Depths:2)
  2 meliai (Spider:2)
  A merfolk (Shoals:4)
  5 tarantellas
  2 hornets (Depths:4)
  3 saltlings (Desolation)
  A raiju (Abyss:5)
  8 culicivoras
  8 jumping spiders
  3 spriggans (Depths:4)
  A human (D:13)
  17 redbacks
  An orc warrior (Vaults:5)
  A lightning spire (Abyss:5)
  An orc (Vaults:5)
  3 ball lightnings (Pan)
148 creatures vanquished.

Vanquished Creatures (others)
  A fire giant (Vaults:4)
  A green death (Pan)
  A two-headed ogre (D:13)
  A satyr (Shoals:3)
  A deep elf knight (Elf:2)
  2 wizards (Pan)
  2 deep elf zephyrmancers (Elf:1)
  3 smoke demons (Pan)
  A demonic crawler (Spider:1)
  3 hellwings (Pan)
  A saltling (Desolation)
  A culicivora (Spider:1)
  A ynoxinul (Pan)
  56 dancing weapons
  An orc priest (Orc:2)
  An orc wizard (Orc:2)
  An orc (D:8)
  A goblin (D:8)
  24 ball lightnings (Pan)
  80 fungi
  A lurking horror (Abyss:4)
  309 plants
  3 starspawn tentacles (Abyss:4)
496 creatures vanquished.

Grand Total: 2802 creatures vanquished

Notes
Turn   | Place    | Note
-------+----------+-------------------------------------------
     0 | D:1      | holysushi the Octopode Transmuter began the quest for the
                  | Orb.
     0 | D:1      | Reached XP level 1. HP: 13/13 MP: 3/3
   243 | D:1      | Reached XP level 2. HP: 14/18 MP: 3/5
   889 | D:2      | Identified the +12 scimitar of Vaef Ani {drain, *Noise
                  | rPois Will+}
   955 | D:2      | Reached skill level 1 in Long Blades
   955 | D:2      | Reached XP level 3. HP: 21/23 MP: 6/6
   985 | D:2      | Noticed Jessica
   989 | D:2      | Killed Jessica
  1029 | D:2      | Reached XP level 4. HP: 28/28 MP: 7/7
  1111 | D:2      | Noticed Natasha
  1116 | D:2      | Killed Natasha
  1602 | D:2      | Found a runed translucent door.
  1603 | D:2      | Noticed Crazy Yiuf
  1659 | D:2      | Noticed Natasha
  1666 | D:2      | Killed Natasha
  1667 | D:2      | Reached XP level 5. HP: 23/33 MP: 8/8
  1975 | D:2      | Noticed Natasha
  1979 | D:2      | Killed Natasha
  2352 | D:3      | You fall into a shaft and drop 2 floors!
  2352 | D:5      | Entered Level 5 of the Dungeon
  2474 | D:4      | Reached XP level 6. HP: 37/39 MP: 9/9
  2505 | D:4      | Found Veathunn's General Store.
  2528 | D:4      | Bought a scroll of fear for 42 gold pieces
  2528 | D:4      | Bought a scroll of magic mapping for 42 gold pieces
  2528 | D:4      | Bought a scroll of identify for 24 gold pieces
  2528 | D:4      | Identified a scroll of acquirement
  2529 | D:4      | Acquired a +3 triple sword of flaming
  2826 | D:3      | Reached skill level 5 in Long Blades
  3366 | D:4      | Noticed an orc warrior
  3422 | D:4      | Killed an orc warrior
  3423 | D:4      | Reached skill level 3 in Dodging
  3423 | D:4      | Reached skill level 1 in Evocations
  3423 | D:4      | Reached XP level 7. HP: 29/45 MP: 10/10
  4202 | D:4      | Found a hide-covered altar of Uskayaw.
  4581 | D:5      | Found a staircase to the Ecumenical Temple.
  4664 | D:5      | Reached skill level 1 in Stealth
  4810 | D:5      | Noticed Pikel
  4835 | D:5      | Killed Pikel
  4836 | D:5      | Reached skill level 4 in Dodging
  4836 | D:5      | Reached XP level 8. HP: 33/54 MP: 11/11
  5307 | D:6      | Reached XP level 9. HP: 59/59 MP: 12/12
  5645 | D:6      | Reached skill level 5 in Dodging
  5727 | D:6      | Reached skill level 5 in Fighting
  5831 | D:6      | Found a shimmering altar of Xom.
  6949 | Temple   | Entered the Ecumenical Temple
  7028 | Temple   | Became a worshipper of Gozag Ym Sagoz the Greedy
  7187 | D:8      | Found a glowing silver altar of Zin.
  7381 | D:8      | Noticed Joseph
  7385 | D:8      | Found a flagged portal.
  7391 | Bailey   | Entered a bailey
  7407 | Bailey   | Reached skill level 6 in Dodging
  7461 | D:8      | Killed Joseph
  7462 | D:8      | Reached XP level 10. HP: 64/68 MP: 13/13
  7714 | D:8      | Reached skill level 10 in Long Blades
  7800 | D:8      | Found a glowing golden altar of the Shining One.
  8214 | D:9      | Noticed Maurice
  8218 | D:9      | Killed Maurice
  8342 | D:9      | Reached skill level 7 in Dodging
  8609 | D:9      | Noticed a manticore
  8785 | D:9      | Noticed a deep elf pyromancer
  8868 | D:9      | Noticed a tengu warrior
  8963 | D:9      | Killed a deep elf pyromancer
  9038 | D:9      | Killed a manticore
  9088 | D:9      | Reached skill level 5 in Stealth
  9158 | D:9      | Found a blossoming altar of Fedhas.
  9279 | D:9      | Noticed a wizard
  9379 | D:10     | Entered Level 10 of the Dungeon
  9383 | D:10     | Noticed Grum
  9422 | D:10     | Reached XP level 11. HP: 75/75 MP: 14/14
  9425 | D:10     | Killed Grum
  9830 | D:10     | Found a staircase to the Lair.
 10229 | D:10     | Reached skill level 8 in Dodging
 10329 | D:9      | Noticed a manticore
 10336 | D:9      | Killed a manticore
 10493 | D:9      | Killed a tengu warrior
 10573 | D:9      | Noticed a centaur warrior
 10573 | D:9      | Noticed a white ugly thing
 10573 | D:9      | Noticed a salamander
 10931 | D:11     | Noticed an eight-headed hydra
 11316 | D:11     | Noticed a red ugly thing
 11328 | D:11     | Killed a red ugly thing
 11727 | D:11     | Identified the +0 pair of boots of the Wasteland {rN++
                  | rCorr Dex-2 Stlth+}
 11737 | D:11     | Killed an eight-headed hydra
 11941 | Lair:1   | Entered Level 1 of the Lair of Beasts
 12090 | D:4      | Bought a scroll of identify for 24 gold pieces
 12090 | D:4      | Bought a potion of ambrosia for 96 gold pieces
 12405 | Lair:1   | Reached XP level 12. HP: 84/84 MP: 15/15
 12420 | Lair:1   | Reached skill level 9 in Dodging
 12619 | Lair:1   | Noticed a four-headed hydra
 12637 | Lair:1   | Killed a one-headed hydra
 13500 | Lair:2   | Found a staircase to the Shoals.
 14096 | Lair:3   | Noticed a seven-headed hydra
 14272 | Lair:2   | Reached skill level 10 in Dodging
 14283 | Lair:2   | Noticed Urug
 14325 | Lair:2   | Killed Urug
 14397 | Lair:3   | Killed a nine-headed hydra
 14533 | Lair:3   | Reached skill level 5 in Evocations
 14568 | Lair:3   | Reached skill level 10 in Fighting
 14575 | Lair:3   | Reached XP level 13. HP: 85/92 MP: 16/16
 14974 | Lair:3   | Found a hole to the Spider Nest.
 15273 | Lair:4   | Reached skill level 11 in Dodging
 15284 | Lair:4   | Found a dark tunnel.
 15295 | Volcano  | Entered a volcano
 15727 | Lair:4   | Found a transporter.
 15747 | Lair:4   | Found a transporter.
 15748 | Lair:4   | Noticed Antichthon's ghost (journeyman DDNe)
 16416 | Lair:5   | Reached skill level 12 in Dodging
 17067 | Lair:5   | Found a staircase to the Slime Pits.
 17067 | Lair:5   | Found a viscous altar of Jiyva.
 17298 | Lair:6   | Entered Level 6 of the Lair of Beasts
 17451 | Lair:6   | Reached XP level 14. HP: 101/101 MP: 17/17
 17458 | Lair:5   | Reached skill level 13 in Dodging
 17879 | Lair:6   | Noticed Snorg
 17899 | Lair:6   | Killed Snorg
 17977 | Lair:6   | Reached skill level 10 in Stealth
 18197 | Lair:6   | Reached skill level 14 in Dodging
 18511 | Lair:6   | Noticed Nessos
 19218 | Lair:6   | Killed Nessos
 19461 | Lair:6   | Reached XP level 15. HP: 47/108 MP: 18/18
 19768 | D:12     | Noticed Azrael
 19948 | D:4      | Bought a ring of fire for 300 gold pieces
 20130 | D:12     | Killed Azrael
 20494 | D:12     | Found a staircase to the Orcish Mines.
 20715 | D:12     | Noticed Jorgrun
 20727 | D:12     | Killed Jorgrun
 21073 | Orc:1    | Entered Level 1 of the Orcish Mines
 21666 | Orc:2    | Entered Level 2 of the Orcish Mines
 21858 | Orc:1    | Reached skill level 15 in Dodging
 22292 | Orc:2    | Found a staircase to the Elven Halls.
 22605 | Orc:2    | Reached skill level 15 in Long Blades
 22691 | Orc:2    | Found Lexzes's Antique Armour Emporium.
 22692 | Orc:2    | Found Umosch's Book Shoppe.
 22693 | Orc:2    | Found Anadoext's Magic Scroll Shoppe.
 22696 | Orc:2    | Found Jipodev's Book Emporium.
 22755 | Orc:2    | Bought a scroll of blinking for 105 gold pieces
 22755 | Orc:2    | Bought a scroll of blinking for 105 gold pieces
 22755 | Orc:2    | Bought a scroll of noise for 14 gold pieces
 22764 | Orc:2    | Bought a scroll of identify for 28 gold pieces
 22764 | Orc:2    | Bought a scroll of identify for 28 gold pieces
 22771 | Orc:2    | Bought a manual of Fighting for 800 gold pieces
 23031 | D:13     | Found Ubliem's General Store.
 23067 | D:13     | Noticed Urgle's ghost (journeyman GnFi)
 23068 | D:13     | Found a transporter.
 23071 | D:13     | Identified the +10 dire flail of Taxation {vorpal, rCorr}
 23071 | D:13     | Identified the +8 dire flail of the Unspeakable One {drain,
                  | MP+9}
 23074 | D:13     | Found a gate leading to a gauntlet.
 23083 | Gauntlet | Entered a Gauntlet
 23083 | Gauntlet | Found a transporter.
 23083 | Gauntlet | Found a transporter.
 23087 | Gauntlet | Found a transporter.
 23087 | Gauntlet | Found a transporter.
 23096 | Gauntlet | Found a transporter.
 23119 | Gauntlet | Found a transporter.
 23125 | Gauntlet | Found a transporter.
 23125 | Gauntlet | Found a transporter.
 23126 | Gauntlet | Found the +9 sword of Zonguldrok {reap}
 23128 | Gauntlet | Found a transporter.
 23134 | Gauntlet | Found a transporter.
 23142 | Gauntlet | Found a transporter.
 23186 | Gauntlet | Found a transporter.
 23219 | Gauntlet | Found a transporter.
 23233 | Gauntlet | Found a transporter.
 23337 | Gauntlet | Found a transporter.
 23359 | Gauntlet | Found a transporter.
 23563 | Gauntlet | Noticed an acid blob
 23564 | Gauntlet | Noticed an iron dragon
 23564 | Gauntlet | an acid blob changed into an iron dragon
 23570 | Gauntlet | Noticed an acid blob
 23570 | Gauntlet | an iron dragon changed into an acid blob
 23587 | Gauntlet | Noticed a fenstrider witch
 23587 | Gauntlet | Noticed a shadow dragon
 23587 | Gauntlet | a fenstrider witch changed into a shadow dragon
 23591 | Gauntlet | Noticed a fire giant
 23591 | Gauntlet | a shadow dragon changed into a fire giant
 23595 | Gauntlet | Killed a fire giant
 23650 | Gauntlet | Identified the -4 helmet of Tonaptup {Contam rF+ rC++}
 23795 | D:13     | Found a transporter.
 23871 | D:13     | Found a broken altar of Ashenzari.
 23967 | D:13     | Killed Urgle's ghost
 24288 | D:13     | Found a gate to the Vaults.
 24515 | Spider:1 | Entered Level 1 of the Spider Nest
 24598 | Spider:1 | Noticed an emperor scorpion
 24741 | Spider:1 | Killed an emperor scorpion
 24789 | Spider:1 | Reached skill level 16 in Dodging
 24828 | Spider:1 | Reached XP level 16. HP: 117/117 MP: 19/19
 24960 | Spider:1 | Learned a level 1 spell: Slow
 24963 | Spider:1 | Learned a level 2 spell: Ensorcelled Hibernation
 24967 | Spider:1 | Learned a level 3 spell: Confusing Touch
 25066 | Spider:1 | Reached skill level 1 in Hexes
 25177 | Spider:1 | Bought a potion of resistance for 150 gold pieces
 25177 | Spider:1 | Bought a potion of haste for 150 gold pieces
 25177 | Spider:1 | Bought a potion of heal wounds for 75 gold pieces
 25177 | Spider:1 | Bought a potion of curing for 45 gold pieces
 25177 | Spider:1 | Bought a potion of curing for 45 gold pieces
 25177 | Spider:1 | Bought a potion of curing for 45 gold pieces
 25808 | Spider:1 | Learned a level 3 spell: Tukima's Dance
 26843 | Spider:2 | Reached skill level 17 in Dodging
 27670 | Spider:2 | Reached skill level 15 in Fighting
 28925 | Spider:3 | Acquired a +4 ring of evasion
 29055 | Spider:3 | Reached XP level 17. HP: 127/127 MP: 21/21
 29542 | Spider:4 | Entered Level 4 of the Spider Nest
 29862 | Spider:4 | Reached skill level 5 in Hexes
 30440 | Spider:4 | Reached skill level 18 in Dodging
 30793 | Spider:4 | Got a gossamer rune of Zot
 31079 | Shoals:1 | Entered Level 1 of the Shoals
 31104 | Shoals:1 | Noticed Louise
 31124 | Shoals:1 | Killed Louise
 31647 | Shoals:1 | Found Zuteeg's Armour Emporium.
 32196 | Shoals:2 | Upgraded the game from 0.29-a0-380-gf50f0a9fbc to
                  | 0.29-a0-384-g6960b1960d
 32359 | Shoals:2 | Reached skill level 19 in Dodging
 33007 | Shoals:2 | You fall into a shaft and drop 1 floor!
 33086 | Shoals:3 | Noticed Polyphemus
 33272 | Shoals:2 | Reached XP level 18. HP: 90/139 MP: 22/22
 33895 | Shoals:3 | Reached skill level 10 in Evocations
 35752 | Shoals:3 | Killed Polyphemus
 36129 | Shoals:4 | Entered Level 4 of the Shoals
 36273 | Shoals:4 | Reached skill level 20 in Dodging
 37073 | Shoals:4 | Identified the +1 cloak "Yfaqops" {Rampage rF+ Str-2}
 37744 | Shoals:4 | Got a barnacled rune of Zot
 38270 | D:10     | Bought a manual of Evocations for 960 gold pieces
 38272 | D:10     | Acquired the ring "Vaisut" {rElec SInv}
 38283 | D:10     | Bought a scroll of teleportation for 105 gold pieces
 38283 | D:10     | Bought a potion of curing for 105 gold pieces
 38283 | D:10     | Bought a masterwork great sword for 402 gold pieces
 38283 | D:10     | Identified the +10 great sword of Salt {venom, SInv} (You
                  | bought it in a shop on level 10 of the Dungeon)
 38514 | D:13     | Bought a scroll of teleportation for 45 gold pieces
 38514 | D:13     | Bought a scroll of teleportation for 45 gold pieces
 38514 | D:13     | Bought a wand of paralysis (5) for 105 gold pieces
 38514 | D:13     | Bought a scroll of fog for 30 gold pieces
 39336 | D:14     | Reached XP level 19. HP: 83/147 MP: 24/24
 40464 | D:15     | Entered Level 15 of the Dungeon
 40787 | D:15     | Found a staircase to the Depths.
 40975 | D:15     | Reached skill level 15 in Evocations
 41383 | Elf:1    | Entered Level 1 of the Elven Halls
 42168 | Elf:1    | Reached skill level 21 in Dodging
 42257 | Elf:1    | Got the Tome of Evil Magic
 43030 | Elf:2    | Reached skill level 22 in Dodging
 43486 | Elf:2    | Found Xesibbes's Jewellery Boutique.
 43710 | Elf:2    | Reached skill level 23 in Dodging
 43721 | Elf:2    | Found a runed translucent gate.
 43721 | Elf:2    | Found a runed translucent gate.
 43721 | Elf:2    | Found a runed translucent gate.
 44570 | Elf:2    | Reached XP level 20. HP: 142/154 MP: 25/25
 44832 | Elf:3    | Entered Level 3 of the Elven Halls
 44966 | Elf:3    | Noticed Bai Suzhen
 44973 | Elf:3    | Reached skill level 24 in Dodging
 44983 | Elf:3    | Killed Bai Suzhen
 45676 | Elf:3    | Found Rost's Armour Boutique.
 46395 | Elf:3    | Identified the +6 plate armour of the Apprentice {Regen+
                  | Stlth+}
 46395 | Elf:3    | Identified the ring "Saupp" {rF+ MP+9}
 46583 | Elf:2    | Reached skill level 25 in Dodging
 47071 | Elf:3    | Identified the ring of Osadad {rC+ Will+ Dex+2 SInv}
 47146 | Elf:3    | Identified the +11 arbalest "Impbane" {penet, rElec rF-
                  | Int+6}
 47195 | Elf:3    | Bought the ring "Voishreu" {Will+ rCorr} for 619 gold
                  | pieces
 47619 | Depths:1 | Entered Level 1 of the Depths
 47621 | Depths:1 | Reached skill level 1 in Shields
 48469 | Depths:1 | Reached skill level 5 in Shields
 48582 | Depths:1 | Found a gateway to Hell.
 48752 | Depths:1 | Found a large runed translucent door.
 48753 | Depths:1 | Found a large runed translucent door.
 48764 | Depths:1 | Noticed frimble's ghost (adept GnWr)
 48788 | Depths:1 | Found a glowing silver altar of Zin.
 49175 | Depths:2 | Found a one-way gate leading to the halls of Pandemonium.
 49189 | Depths:2 | Identified the +4 robe of the Pink Corner {Int+3}
 49589 | Depths:2 | Found Camomeok's Jewellery Shoppe.
 49606 | Depths:2 | Reached XP level 21. HP: 160/160 MP: 26/26
 49857 | Depths:2 | Noticed a caustic shrike
 49938 | Depths:2 | Noticed a dread lich
 49959 | Depths:2 | Killed a dread lich
 50015 | Depths:2 | Identified the +2 kite shield "Jolaoclo" {Rampage Fly}
 50015 | Depths:2 | Noticed Asterion
 50030 | Depths:2 | Killed Asterion
 50531 | Depths:2 | Identified the +9 mace of Success {spect, rC+}
 52094 | Depths:3 | Found a blossoming altar of Fedhas.
 52369 | Depths:3 | Reached skill level 10 in Shields
 52457 | Depths:3 | Identified the +1 scale mail of Kelemyh {rC+ Will+}
 52979 | Depths:3 | Found a one-way gateway to a ziggurat.
 52998 | Depths:3 | Noticed Mara
 53007 | Depths:3 | Noticed holysushi's illusion
 53165 | Depths:3 | Noticed holysushi's illusion
 53166 | Depths:3 | Killed Mara
 53357 | Depths:4 | Entered Level 4 of the Depths
 53523 | Depths:4 | Reached XP level 22. HP: 154/167 MP: 27/27
 53711 | Depths:4 | Found a one-way gate to the infinite horrors of the Abyss.
 53789 | Depths:4 | Killed a caustic shrike
 54031 | Depths:4 | Found a gate to the Realm of Zot.
 54937 | Depths:4 | Reached skill level 15 in Shields
 55614 | Depths:4 | Identified the +5 war axe of the Saviour {vamp, +Blink
                  | Int+5}
 55861 | Depths:4 | Noticed a golden dragon
 56460 | Depths:4 | Noticed a golden dragon
 56480 | Depths:4 | Killed a golden dragon
 56509 | Depths:4 | Killed a golden dragon
 56968 | Vaults:1 | Entered Level 1 of the Vaults
 57006 | Vaults:1 | Found Vibivviy's Weapon Emporium.
 57661 | Vaults:1 | Identified the +2 robe of Zerphuil {rF- Slay+3 SInv}
 57670 | Vaults:1 | Found a radiant altar of Vehumet.
 57678 | Vaults:1 | Identified the -3 hat of Wu Jian's Outrage {+Blink}
 57682 | Vaults:1 | Identified the +2 robe "Kyosiromu" {rCorr Int-3 Archmagi}
 58081 | Vaults:1 | Reached XP level 23. HP: 131/172 MP: 28/28
 58834 | Vaults:2 | Learned a level 6 spell: Statue Form
 59037 | Vaults:2 | Noticed Zenata
 59053 | Vaults:2 | Killed Zenata
 59146 | Vaults:2 | Reached skill level 1 in Earth Magic
 59413 | Vaults:2 | Noticed Frederick
 59422 | Vaults:2 | Killed Frederick
 59577 | Vaults:2 | Noticed Margery
 59601 | Vaults:2 | Killed Margery
 60401 | Vaults:3 | Noticed Aizul
 60410 | Vaults:3 | Killed Aizul
 60419 | Vaults:3 | Found a staircase to the Crypt.
 60608 | Vaults:3 | Reached skill level 5 in Transmutations
 60917 | Vaults:3 | Reached skill level 5 in Earth Magic
 61286 | Vaults:3 | Identified the +6 flail of Slow Death {vamp, *Slow Int+7}
 61682 | Vaults:4 | Found a crumbling gateway.
 61698 | Desolati | Entered the Desolation of Salt
 61962 | Desolati | Reached XP level 24. HP: 163/163 MP: 28/28
 61985 | Desolati | Identified the +4 short sword "Mobonost" {vorpal, *Rage
                  | Str+4 Int+4}
 62007 | Desolati | Identified the ring of Reimbursement {Drain rC++ MP+9 SInv
                  | Stlth+}
 62107 | Desolati | Got the Collected Works on Dark Rituals and Dislocation
 62109 | Desolati | Identified the ring of Gioseot {Drain rCorr Int+5 SInv}
 62165 | Desolati | Identified the ring of Xamanka {rF+ Will- Int+2 Dex+4
                  | Slay+3}
 62358 | Desolati | Identified the ring "Potyrr Izioc" {rPois rCorr}
 63112 | Desolati | Got the Volume of Damaging Poison
 64259 | Vaults:4 | Noticed Sojobo
 64347 | Vaults:4 | Paralysed by an air elemental for 1 turns
 64351 | Vaults:4 | Paralysed by an air elemental for 1 turns
 64519 | Vaults:4 | Killed Sojobo
 64566 | Vaults:4 | Noticed Boris
 64588 | Vaults:4 | Killed Boris
 64589 | Vaults:4 | Reached skill level 5 in Spellcasting
 64932 | Vaults:5 | Entered Level 5 of the Vaults
 65118 | Vaults:5 | Noticed an ancient lich
 65331 | Vaults:4 | Killed an ancient lich
 65627 | Vaults:5 | Noticed a dread lich
 65641 | Vaults:5 | Killed a dread lich
 65644 | Vaults:5 | Identified the +9 dagger of the Sky {spect, rPois Will+}
 65675 | Vaults:5 | HP: 5/180 [deep elf sorcerer/damnation (51)]
 65683 | Vaults:5 | Reached XP level 25. HP: 94/185 MP: 30/30
 65772 | Vaults:5 | Noticed a dread lich
 65793 | Vaults:5 | Killed a dread lich
 66143 | Vaults:5 | Identified the +9 whip "Boehin" {antimagic, rF++ Str+2}
 66201 | Vaults:5 | Got a silver rune of Zot
 66228 | Vaults:5 | Reached skill level 10 in Transmutations
 66309 | Vaults:5 | Learned a level 2 spell: Blink
 66315 | Vaults:5 | Learned a level 5 spell: Manifold Assault
 66472 | Vaults:5 | Reached skill level 1 in Translocations
 66678 | Vaults:5 | Reached skill level 10 in Earth Magic
 66751 | Vaults:5 | Noticed an ancient lich
 66767 | Vaults:5 | Killed an ancient lich
 66944 | Vaults:3 | Identified the +6 short sword of Extremism {holy, *Corrode
                  | rPois Str+2 Dex+2}
 67270 | Slime:1  | Entered Level 1 of the Pits of Slime
 67325 | Slime:2  | Gained mutation: Your body sometimes deteriorates upon
                  | taking damage. [a shining eye]
 68037 | Slime:5  | Entered Level 5 of the Pits of Slime
 68872 | Slime:5  | Noticed the Royal Jelly
 69082 | Slime:5  | Found a viscous altar of Jiyva.
 69950 | Slime:5  | Killed the Royal Jelly
 69951 | Slime:5  | Reached XP level 26. HP: 177/191 MP: 30/30
 70051 | Slime:5  | Identified the ring of Bapolow {rElec rF+ rN+ EV+4}
 70061 | Slime:5  | Got a slimy rune of Zot
 70070 | Slime:5  | Got the Disquisition on Conjuration and Earth
 70073 | Slime:5  | Acquired 740 gold pieces
 70416 | Slime:1  | Reached skill level 5 in Translocations
 70896 | Depths:4 | Voluntarily entered the Abyss.
 70934 | Abyss:1  | Found an opulent altar of Gozag.
 71023 | Abyss:2  | Gained mutation: You have a pair of small antennae on your
                  | head. [a neqoxec]
 71131 | Abyss:3  | Found an opulent altar of Gozag.
 71179 | Abyss:3  | Paralysed by accursed screaming for 2 turns
 71184 | Abyss:3  | Paralysed by accursed screaming for 2 turns
 71343 | Abyss:4  | Found a shadowy altar of Dithmenos.
 71483 | Abyss:4  | Found a sacrificial altar of Ru.
 71488 | Abyss:4  | Gained mutation: Your magical capacity is low. (-10% MP) [a
                  | neqoxec]
 71512 | Abyss:5  | Entered Level 5 of the Abyss
 71528 | Abyss:5  | Lost mutation: Your magical capacity is low. (-10% MP)
                  | [potion of mutation]
 71528 | Abyss:5  | Lost mutation: You have a pair of small antennae on your
                  | head. [potion of mutation]
 71528 | Abyss:5  | Lost mutation: Your body sometimes deteriorates upon taking
                  | damage. [potion of mutation]
 71528 | Abyss:5  | Gained mutation: Your flesh is cold resistant. (rC+)
                  | [potion of mutation]
 71528 | Abyss:5  | Lost mutation: Your flesh is cold resistant. (rC+) [potion
                  | of mutation]
 71528 | Abyss:5  | Gained mutation: You passively dampen the noise of your
                  | surroundings. [potion of mutation]
 71531 | Abyss:5  | Lost mutation: You passively dampen the noise of your
                  | surroundings. [potion of mutation]
 71623 | Abyss:5  | Reached XP level 27. HP: 92/201 MP: 30/30
 71623 | Abyss:5  | Got an abyssal rune of Zot
 71635 | Depths:4 | Escaped the Abyss
 72363 | D:10     | Bought a scroll of enchant weapon for 262 gold pieces
 72560 | Orc:2    | Bought a scroll of enchant weapon for 105 gold pieces
 72881 | Spider:3 | Bought the ring "Zigacak" {Str+4 Dex+6} for 1404 gold
                  | pieces
 72887 | Spider:3 | Bought the ring of Diurph {Ice +Blink rElec Dex+7} for 1153
                  | gold pieces
 72900 | Spider:3 | Bought the ring of Suveidie {Fly rPois rC+ rN+} for 758
                  | gold pieces
 73272 | Pan      | Entered Pandemonium
 73291 | Pan      | Found a runed translucent door.
 73297 | Pan      | Found a runed translucent door.
 73299 | Pan      | Found a runed translucent door.
 73301 | Pan      | Noticed Bokhliv the pandemonium lord
 73312 | Pan      | Entered the realm of Lom Lobon.
 74156 | Pan      | Acquired 542 gold pieces
 74294 | Pan      | Noticed Lom Lobon
 74949 | Pan      | Killed Lom Lobon
 74961 | Pan      | Got a magical rune of Zot
 75468 | Pan      | Noticed Lozit the pandemonium lord
 75504 | Pan      | Killed Lozit the pandemonium lord
 75559 | Pan      | Found an exit through the horrors of the Abyss.
 75560 | Pan      | Noticed Kiqelana the pandemonium lord
 75584 | Pan      | Killed Kiqelana the pandemonium lord
 75853 | Pan      | Gained mutation: You sometimes lose the ability to read
                  | scrolls when taking damage. [a cacodemon]
 75856 | Pan      | Gained mutation: You do not regenerate when monsters are
                  | visible. [a cacodemon]
 75914 | Pan      | Lost mutation: You sometimes lose the ability to read
                  | scrolls when taking damage. [potion of mutation]
 75914 | Pan      | Lost mutation: You do not regenerate when monsters are
                  | visible. [potion of mutation]
 75914 | Pan      | Gained mutation: You are robust. (+10% HP) [potion of
                  | mutation]
 75914 | Pan      | Gained mutation: You are covered in fur. (AC +1) [potion of
                  | mutation]
 75927 | Pan      | Identified the amulet of Incredulity {Reflect +Blink rC++
                  | MP+9 Dex-3 SH+5}
 76110 | Pan      | Found a huge runed translucent gate.
 76140 | Pan      | Found a huge runed translucent gate.
 76141 | Pan      | Found a huge runed translucent gate.
 76144 | Pan      | Found a huge runed translucent gate.
 76145 | Pan      | Found a huge runed translucent gate.
 76254 | Pan      | Entered the realm of Cerebov.
 76257 | Pan      | Found an exit through the horrors of the Abyss.
 76480 | Pan      | Found the +6 sword of Cerebov {flame}
 76480 | Pan      | Noticed Cerebov
 76546 | Pan      | Reached skill level 10 in Spellcasting
 76604 | Pan      | Learned a level 1 spell: Apportation
 77160 | Pan      | HP: 2/287 [Cerebov/the +6 sword of Cerebov {flame} (44)]
 77160 | Pan      | Slain by Cerebov

Illustrated notes

Levels and vault maps discovered:
D:1:      co_arrival_two_rings, layout_loops_ring
D:2:      layout_basic, kennysheep_cross_room, uniq_crazy_yiuf_cottage,
          uniq_jessica, uniq_natasha
D:3:      layout_basic, minmay_puff
D:4:      layout_basic, mainiacjoe_overflow_24_doors, serial_shops,
          nicolae_stop_n_shop_1, hangedman_abyss_or_decor_stabs
D:5:      layout_cave_pools, minmay_temple_entry_from_below_b,
          grunt_decor_one_mirror, uniq_pikel
D:6:      layout_basic, led_xom_imps, serial_aquarium,
          aquarium_bridge_island_large [aquarium_subvault_large_water,
          aquarium_subvault_window, aquarium_subvault_window,
          aquarium_subvault_bridge, aquarium_subvault_wall],
          aquarium_window_fake, aquarium_window_corridor_2,
          aquarium_window_corner, aquarium_window_fake, aquarium_view_2b,
          aquarium_balcony_1b, aquarium_pool_corner, serial_bayou_lake_a
D:7:      layout_rooms
D:8:      layout_rooms, mainiacjoe_overflow_alcove_2, overflow_temple_1_default,
          enter_bailey_4, uniq_joseph
D:9:      minmay_the_grid_triangle_9x9_recursive_2
          [minmay_the_grid_triangle_9x9_prize_top_heavy,
          minmay_the_grid_triangle_9x9_longest,
          minmay_the_grid_triangle_9x9_shrine,
          minmay_the_grid_triangle_9x9_from_above], layout_irregular_city,
          mainiacjoe_overflow_alcove_4, lemuel_old_faithful, uniq_maurice
D:10:     layout_gridville, nicolae_overflow_hidden_temple, erik_lair_dragon,
          water_boxes_lemuel, uniq_grum
D:11:     layout_roguey
D:12:     layout_basic, david_orc_5, uniq_jorgrun, uniq_azrael
D:13:     layout_basic, grunt_vaults_entry_tiered, gammafunk_ghost_smash,
          gauntlet_entry_generic, serial_shops, nicolae_square_shop,
          cheibrodos_ashenzari_chains
D:14:     layout_cave_pods
D:15:     hangedman_depths_entry_civil_slaughter, layout_rooms,
          hex_intersection, hangedman_decor_push, small_statue_intersection
Temple:   nicolae_temple_x_marks_the_god
Lair:1:   layout_regular_city
Lair:2:   layout_gridlike, minmay_shoals_entry_centaurs, lemuel_fruit_fields,
          uniq_urug
Lair:3:   layout_regular_city, hellmonk_spider_entry_life_and_decay,
          beast_lair_carwin_9
Lair:4:   layout_loops_ring, gammafunk_ghost_arena,
          nicolae_volcano_entry_lava_flow, infiniplex_staircase_pool_2
Lair:5:   layout_concentric_octagons, slime_altar_1, lemuel_fruit_fields
Lair:6:   evilmike_catoblepas_cave, layout_gridlike, serial_bayou_shore_b,
          grunt_megastairs_4, uniq_nessos, uniq_snorg
Shoals:1: layout_shoals, serial_shops, nicolae_shop_crystal,
          nicolae_shoals_nymph_descending_staircase, uniq_louise
Shoals:2: layout_shoals
Shoals:3: cheibrodos_shoals_roost, layout_shoals, uniq_polyphemus
Shoals:4: shoals_end_grunt_garden, layout_shoals
Spider:1: nicolae_spider_hall_of_the_moth_king, drop_trap
Spider:2: layout_spider_delve
Spider:3: layout_spider_delve, hangedman_spider_tarantella_strand
Spider:4: grunt_spider_rune_parallel, dreamdust_wasp_nest
Slime:1:  layout_caves
Slime:2:  layout_caves
Slime:3:  layout_caves
Slime:4:  layout_caves
Slime:5
Orc:1:    nicolae_orc_accident_2, layout_caves, basic_altar
Orc:2:    st_orc_mages, layout_diamond_mine
Elf:1:    layout_onion_city, hangedman_elf_represent, minmay_elf_necromancy
Elf:2:    nicolae_elf_blades_splatter_lattice [nooodl_blade_entry_preview],
          layout_geoelf_diagonals, serial_shops, shop
Elf:3:    minmay_elf_hall_furrowed, layout_gridlike, serial_shops,
          nicolae_shop_trees, nicolae_elf_vaults_five_recruitment_drive,
          uniq_bai_suzhen
Vaults:1: vaults_room_octagon, hangedman_vaults_stitches,
          ontoclasm_vaults_misaligned, v_misc_23, v_rooms_2,
          grunt_tower_of_power, vaults_dpeg_ring,
          nicolae_vaults_mini_display_case, layout_vaults_chaotic_city,
          serial_shops, nicolae_lakefront_shop
Vaults:2: ontoclasm_vaults_claustrophobia, ontoclasm_vaults_bender,
          ontoclasm_vaults_misaligned, ontoclasm_vaults_loading_screen,
          hangedman_vaults_stretched_pinwheel, vaults_mumra_lcd,
          vaults_dpeg_cross, grunt_vaults_focal, nicolae_vaults_border_crossing,
          layout_vaults_quadrants, uniq_margery, uniq_frederick, uniq_zenata
Vaults:3: minmay_crypt_entry_vampire_xt, vaults_room_pools, v_misc_13,
          hangedman_vaults_variations, nicolae_vaults_little_squares_3,
          ontoclasm_vaults_tryst, grunt_vaults_hallway_long,
          ontoclasm_vaults_gallery, hangedman_vaults_slice,
          nicolae_vaults_specimen_jars, hangedman_vaults_impose, v_misc_8,
          vaults_standard_mumra_enter_the_diamond, vaults_room_corners,
          v_alt_pattern_6, layout_vaults_big_cross, uniq_aizul
Vaults:4: portal_desolation_entry_nicolae_slug,
          nicolae_vaults_windows_and_doors_thing, v_alt_pattern_3,
          hangedman_vaults_restitches, ontoclasm_vaults_twist, v_alt_pattern_6,
          ontoclasm_vaults_fault, nicolae_vaults_statue_guard,
          dpeg_vaults_monster_box, hangedman_vaults_nails,
          nicolae_vaults_three_branches, vaults_room_stairs_pillars,
          layout_vaults_ring, uniq_boris, uniq_sojobo
Vaults:5
Depths:1: layout_cave_pools, old_standard_altar, ebering_ghost_disaster_area,
          pf_coc_iceberg, feat_on_display
Depths:2: wad_guarded_room, layout_basic, pan_entry, serial_shops, shop,
          hell_entry, nzn_random_ring, minmay_staircase_bubble, uniq_asterion
Depths:3: dreamdust_hydra_shepherd, layout_basic, enter_ziggurat_a, hellmouth_2,
          fedhas_altar_fruit_tree, marbit_kobold_abyss_entry,
          grunt_pan_entry_spiral, small_statue_intersection,
          kennysheep_random_hallway, uniq_mara
Depths:4: lemuel_castle_with_subvaults [lemuel_castle_interior_original],
          layout_cave_shapes, nicolae_abyss_entry_one_way_or_another,
          hell_entry, minmay_crystal_room
Pan:      grunt_pan_sceptre, layout_chambers, uniq_mennas_pan, rand_demon_7,
          layout_gridlike, nicolae_pan_gloorx_vloqian_3, lom_lobon_st,
          layout_basic, grunt_pan_zigzag, layout_rooms,
          nicolae_pan_cerebovesque_3, evilmike_mini_pan_possible_glass,
          layout_rooms, pan_captured_pigsty, nicolae_pan_mnolegish_5,
          grunt_pan_spiral, layout_grid_shapes, rand_demon_3,
          layout_pan_divisions_a [pan_division_quadrant_a5,
          pan_division_quadrant_a4, pan_division_quadrant_a2,
          pan_division_quadrant_a2, pan_division_octagon_halves],
          pan_blood_fountain, nicolae_pan_gloorx_vloqian_2,
          nicolae_pan_sigil_obb, rand_demon_1, layout_gridlike,
          evilmike_mini_pan_pillars, layout_stronghold,
          pan_blood_fountain_small, pan_blood_fountain, rand_demon_5,
          layout_irregular_city, nicolae_pan_giant_door, layout_small_grid,
          cerebov_grunt, layout_basic

Skill      XL: |  1  2  3  4  5  6  7  8  9 10 11 12 13 14 15 16 17 18 19 20 21 22 23 24 25 26 27 |
---------------+----------------------------------------------------------------------------------+-----
Long Blades    | 1 2 3 4 5 6 7 9 11 12 14 15 16 | 16.8
Fighting       | 2 3 4 6 7 8 10 11 12 13 15 17 18 20 | 20.0
Dodging        | 3 4 6 7 8 10 12 14 16 17 19 20 23 25 | 25.0
Evocations     | 1 2 3 4 5 7 8 9 11 15 | 15.5
Stealth        | 3 4 5 7 8 11 12 13 14 | 14.7
Hexes          | 4 5 |  5.4
Spellcasting   | 3 5 11 | 11.0
Shields        | 7 13 17 19 21 23 | 23.2
Earth Magic    | 5 8 10 11 13 | 13.8
Transmutations | 6 9 11 13 | 13.9
Translocations | 4 5 6 |  6.6
Unarmed Combat | |  3.5

Action                   |  1- 3 |  4- 6 |  7- 9 | 10-12 | 13-15 | 16-18 | 19-21 | 22-24 | 25-27 || total
-------------------------+-------+-------+-------+-------+-------+-------+-------+-------+-------++-------
Melee: Unarmed           |    24 |       |       |       |       |       |       |       |       ||    24
       Constrict         |    12 |    20 |    22 |    81 |   132 |   228 |   156 |   273 |   124 ||  1048
       Tentacles         |     8 |    10 |    21 |    95 |   231 |   346 |   398 |   783 |   534 ||  2426
       Kick              |     4 |       |       |       |       |       |       |       |       ||     4
       Scimitar          |    10 |    79 |   115 |   391 |   190 |   530 |       |       |       ||  1315
       Punch             |     1 |     3 |     3 |    14 |    36 |    38 |    56 |   109 |    73 ||   333
       Triple sword      |       |       |       |     4 |   545 |       |       |       |       ||   549
       Double sword      |       |       |       |       |    99 |   484 |  1170 |  1811 |  1395 ||  4959
 Cast: Beastly Appendage |     8 |       |       |       |       |       |       |       |       ||     8
       Slow              |       |       |       |       |       |   153 |    32 |     2 |     7 ||   194
       Confusing Touch   |       |       |       |       |       |    13 |       |     2 |     1 ||    16
       Ensorcelled Hiber |       |       |       |       |       |     6 |     7 |       |       ||    13
       Tukima's Dance    |       |       |       |       |       |    85 |    23 |       |       ||   108
       Statue Form       |       |       |       |       |       |       |       |       |    37 ||    37
       Blink             |       |       |       |       |       |       |       |       |     3 ||     3
       Manifold Assault  |       |       |       |       |       |       |       |       |    15 ||    15
Invok: Call Merchant     |       |       |       |       |       |     4 |     2 |       |     1 ||     7
 Abil: End Transformatio |       |       |       |       |       |       |       |       |     2 ||     2
Evoke: Wand              |       |       |     3 |    27 |    22 |    54 |    29 |     4 |    26 ||   165
       Phial of floods   |       |       |       |     1 |     1 |     4 |     1 |       |     2 ||     9
       Phantom mirror    |       |       |       |     1 |     1 |     3 |     3 |     1 |     3 ||    12
       Piece from Xom's  |       |       |       |       |       |       |     3 |       |       ||     3
       Box of beasts     |       |       |       |       |       |       |       |     2 |     4 ||     6
       Condenser vane    |       |       |       |       |       |       |       |     1 |     1 ||     2
  Use: Scroll            |       |     5 |    18 |     5 |    15 |     8 |    12 |     9 |    20 ||    92
       Potion            |       |       |     1 |     2 |     5 |     1 |     4 |     5 |    18 ||    36
 Stab: Sleeping          |     3 |    10 |     9 |     7 |     9 |    25 |    33 |    40 |    13 ||   149
       Distracted        |       |     1 |     1 |     1 |    17 |    23 |    23 |    57 |    33 ||   156
       Paralysed         |       |       |     5 |     3 |     9 |     3 |     2 |       |     5 ||    27
       Invisible         |       |       |       |       |     3 |       |       |       |       ||     3
       Confused          |       |       |       |       |       |    21 |       |     1 |       ||    22
Armor: Skin              |     1 |     1 |     3 |     9 |    57 |    51 |    36 |    21 |    47 ||   226
Dodge: Dodged            |    19 |    38 |    77 |   261 |   791 |  1163 |  1029 |  1176 |   716 ||  5270
Block: Buckler           |       |       |       |       |       |       |   209 |   187 |       ||   396
       Reflection        |       |       |       |       |       |       |     2 |     6 |       ||     8
       Tower shield      |       |       |       |       |       |       |       |  1688 |  1619 ||  3307

Table legend: (Time is in decaauts)
 A = Elapsed time spent in this place.
 B = Non-inter-level travel time spent in this place.
 C = Inter-level travel time spent in this place.
 D = Time resting spent in this place.
 E = Time spent auto-exploring this place.
 F = Levels seen in this place.
 G = Mean time per level.
                   A        B        C        D        E       F      G
               +--------+--------+--------+--------+--------+-----+--------+
         Total |  76567 |  68951 |   7616 |  13989 |  25334 |  70 | 1093.8 |
       Dungeon |  19299 |  15869 |   3430 |   3000 |   7508 |  15 | 1286.6 |
        Temple |     87 |     87 |      0 |      0 |     46 |   1 |   87.0 |
          Lair |   7868 |   6986 |    882 |   1167 |   3163 |   6 | 1311.3 |
        Shoals |   7078 |   6666 |    412 |   1994 |   1979 |   4 | 1769.5 |
   Spider Nest |   6568 |   6039 |    529 |    918 |   2357 |   4 | 1642.0 |
    Slime Pits |   3173 |   2984 |    189 |    814 |    163 |   5 |  634.6 |
  Orcish Mines |   2450 |   1847 |    603 |     65 |    773 |   2 | 1225.0 |
   Elven Halls |   6120 |   5595 |    525 |   1545 |   1755 |   3 | 2040.0 |
        Vaults |   8426 |   7895 |    531 |    956 |   3893 |   5 | 1685.2 |
        Depths |   7927 |   7417 |    510 |   1934 |   2551 |   4 | 1981.8 |
         Abyss |    681 |    681 |      0 |    142 |      0 |   5 |  136.2 |
   Pandemonium |   4488 |   4488 |      0 |    983 |    609 |  12 |  374.0 |
        Bailey |     23 |     23 |      0 |      6 |      0 |   1 |   23.0 |
       Volcano |    175 |    175 |      0 |     98 |      0 |   1 |  175.0 |
    Desolation |   1501 |   1501 |      0 |    307 |    244 |   1 | 1501.0 |
      Gauntlet |    695 |    695 |      0 |     58 |    293 |   1 |  695.0 |
               +--------+--------+--------+--------+--------+-----+--------+

Top non-repeatable levels by time:
Depths:4: 2940 daAuts
Spider:2: 2847 daAuts
   Elf:2: 2329 daAuts
   Elf:3: 2264 daAuts
Shoals:2: 2256 daAuts
Vaults:4: 2227 daAuts
Depths:2: 2125 daAuts
    D:10: 2054 daAuts
  Lair:6: 2022 daAuts
Shoals:3: 1991 daAuts
 Slime:5: 1938 daAuts
Depths:3: 1779 daAuts
Vaults:1: 1747 daAuts
Shoals:4: 1740 daAuts
Vaults:2: 1709 daAuts
